AoeStats
← Namely

Black Forest

509773926Analyzed
4v4 RM · 5d ago on Sep 28, 2026· 61m 22s· 8 players
Game mode
Random Map
Map size
Large (8 player)
Population
200
Speed
Normal
Resources
Standard
Victory
Conquest
Starting age
Dark Age
Ending age
Imperial Age
RankedLock teamsTeams togetherTeam positionsShared explorationLock speedFull tech treeHidden civsTurbo modeCheats
Victory
Defeat
🇵🇱 Mongols · Poland
969
+12
🇵🇪 Bohemians · Peru
961
+13
🇺🇸 Khmer · United States
956
+13
🇺🇸 Spanish · United States
908
+15
🇦🇷 Lithuanians · Argentina
910
-14
🇮🇩 Portuguese · Indonesia
892
-13
🇦🇷 Romans · Argentina
871
-13
🇦🇷 Vikings · Argentina
870
-13
odoaker2
0:31 Loom
12:05 Feudal Age
12:36 Double-Bit Axe
18:32 Castle Age
16:45 Horse Collar
17:27 Stone Mining
20:26 Bow Saw
23:00 Heavy Plow
26:26 Gold Mining
29:22 Town Watch
30:47 Gold Shaft Mining
30:30 Fletching
30:41 Padded Archer Armor
34:58 Imperial Age
33:11 Wheelbarrow
33:56 Fortified Wall
33:57 Masonry
33:43 Murder Holes
33:37 Pikeman
34:29 Thumb Ring
34:37 Bloodlines
34:27 Husbandry
33:48 Light Cavalry
35:09 Bodkin Arrow
35:30 Leather Archer Armor
35:27 Forging
36:20 Hoardings
36:05 Conscription
36:01 Elite Mangudai
37:27 Stone Shaft Mining
37:37 Drill
38:13 Ballistics
38:54 Chemistry
38:24 Parthian Tactics
37:22 Hussar
38:29 Hand Cart
38:08 Onager
39:14 Bracer
39:20 Scale Barding Armor
39:55 Town Patrol
40:31 Caravan
41:02 Coinage
42:04 Iron Casting
41:50 Chain Barding Armor
41:40 Siege Onager
Namely
0:27 Loom
13:10 Feudal Age
19:04 Castle Age
19:15 Double-Bit Axe
22:52 Wheelbarrow
23:14 Bow Saw
26:19 Horse Collar
27:32 Hand Cart
27:03 Town Watch
29:38 Husbandry
31:44 Caravan
36:05 Imperial Age
34:09 Fortified Wall
34:20 Ballistics
35:25 Heavy Plow
35:08 Light Cavalry
35:58 Bloodlines
36:07 Forging
35:57 Scale Mail Armor
36:02 Scale Barding Armor
35:48 Fletching
35:58 Padded Archer Armor
37:25 Conscription
37:21 Double Crossbow
37:23 Tusk Swords
39:47 Crop Rotation
38:44 Hussar
38:46 Elite Battle Elephant
40:57 Iron Casting
40:37 Chain Mail Armor
40:42 Chain Barding Armor
40:19 Bodkin Arrow
40:39 Leather Archer Armor
41:27 Chemistry
40:27 Heavy Scorpion
49:08 Blast Furnace
48:44 Plate Barding Armor
48:09 Bracer
49:23 Siege Engineers
Havoc AD
1:17 Loom
13:10 Feudal Age
14:20 Town Watch
17:15 Wheelbarrow
20:46 Double-Bit Axe
26:20 Castle Age
25:50 Horse Collar
26:29 Stone Mining
28:12 Stone Shaft Mining
27:27 Gold Mining
28:36 Bow Saw
30:08 Heavy Plow
33:02 Caravan
34:14 Hand Cart
34:02 Town Patrol
34:06 Fletching
39:25 Imperial Age
39:10 Ballistics
38:47 Murder Holes
41:02 Conscription
40:05 Elite Conquistador
42:07 Inquisition
42:29 Supremacy
42:08 Bodkin Arrow
42:14 Padded Archer Armor
42:24 Forging
42:15 Scale Mail Armor
42:20 Scale Barding Armor
43:07 Coinage
42:50 Guilds
43:52 Two-Man Saw
44:52 Bracer
45:28 Iron Casting
45:09 Leather Archer Armor
45:46 Husbandry
47:04 Cavalier
48:27 Paladin
49:21 Bloodlines
49:44 Ring Archer Armor
50:15 Blast Furnace
49:31 Chain Mail Armor
50:27 Chemistry
50:39 Chain Barding Armor
52:01 Bombard Tower
56:21 Banking
58:26 Plate Mail Armor
58:31 Plate Barding Armor
waltergriebenow
1:16 Loom
14:47 Feudal Age
22:09 Castle Age
20:31 Double-Bit Axe
21:20 Fletching
21:17 Horse Collar
27:12 Wheelbarrow
28:14 Town Watch
30:22 Redemption
33:29 Bow Saw
33:22 Heavy Plow
33:54 Scale Mail Armor
34:07 Pikeman
34:48 Squires
37:12 Chain Mail Armor
37:25 Forging
38:25 Chemistry
41:23 Imperial Age
39:54 Caravan
40:29 Wagenburg Tactics
41:13 Iron Casting
42:28 Conscription
41:32 Halberdier
44:27 Plate Mail Armor
45:07 Elite Hussite Wagon
47:15 Hand Cart
49:47 Houfnice
53:56 Two-Man Saw
56:56 Blast Furnace
56:57 Padded Archer Armor
[LaCD] Chisor
3:01 Loom
12:44 Feudal Age
16:41 Castle Age
15:30 Double-Bit Axe
15:55 Horse Collar
18:41 Bow Saw
20:45 Heavy Plow
25:21 Gold Mining
29:58 Imperial Age
28:15 Bloodlines
28:06 Husbandry
29:04 Wheelbarrow
29:07 Fortified Wall
29:43 Forging
29:39 Scale Barding Armor
30:09 Ballistics
30:27 Hand Cart
29:58 Town Watch
30:09 Stone Mining
30:15 Cavalier
32:24 Stone Shaft Mining
32:21 Chain Barding Armor
32:37 Iron Casting
33:15 Chemistry
33:22 Crop Rotation
33:59 Two-Man Saw
34:36 Plate Barding Armor
34:36 Iron Casting
35:04 Paladin
36:52 Iron Casting
38:29 Conscription
38:53 Hoardings
38:24 Light Cavalry
39:52 Town Patrol
40:46 Winged Hussar
45:32 Fletching
52:20 Tower Shields
ayon
0:30 Loom
13:17 Feudal Age
21:19 Castle Age
19:40 Stone Mining
19:45 Gold Mining
22:26 Wheelbarrow
21:53 Double-Bit Axe
29:10 Imperial Age
28:17 Bow Saw
29:07 Town Watch
31:03 Chemistry
34:30 Stone Shaft Mining
34:04 Scale Barding Armor
34:00 Scale Mail Armor
34:10 Forging
33:54 Heated Shot
34:25 Ballistics
34:16 Masonry
35:28 Hand Cart
35:14 Town Patrol
35:47 Arquebus
36:08 Siege Engineers
35:40 Pikeman
36:36 Husbandry
38:06 Elite Organ Gun
38:38 Cavalier
41:05 Architecture
41:12 Iron Casting
47:03 Chain Mail Armor
47:09 Chain Barding Armor
47:50 Blast Furnace
47:16 Guard Tower
47:47 Bombard Tower
47:23 Murder Holes
47:09 Treadmill Crane
54:12 Halberdier
Dank
0:28 Loom
14:16 Feudal Age
14:41 Man-at-Arms
19:22 Castle Age
22:36 Double-Bit Axe
27:06 Stone Mining
27:26 Fletching
28:17 Gold Mining
29:14 Bodkin Arrow
33:15 Wheelbarrow
33:13 Town Watch
36:27 Imperial Age
34:35 Scale Mail Armor
34:45 Forging
35:46 Horse Collar
36:46 Iron Casting
36:26 Chain Mail Armor
36:57 Bow Saw
38:22 Long Swordsman
39:32 Ballistas
40:40 Town Patrol
40:56 Hand Cart
40:48 Long Swordsman
41:22 Legionary
43:22 Blast Furnace
42:32 Squires
42:50 Padded Archer Armor
45:03 Gold Shaft Mining
44:48 Pikeman
46:49 Halberdier
48:19 Leather Archer Armor
48:39 Onager
48:52 Heavy Scorpion
50:46 Ring Archer Armor
oski
0:26 Loom
14:15 Feudal Age
16:36 Double-Bit Axe
16:34 Horse Collar
20:08 Castle Age
29:13 Bow Saw
30:51 Heavy Plow
31:26 Gold Mining
33:10 Gold Shaft Mining
32:52 Stone Mining
33:17 Scale Mail Armor
33:27 Forging
34:44 Chain Mail Armor
35:06 Iron Casting
42:13 Imperial Age
39:50 Chieftains
42:19 Elite Berserk
43:22 Conscription
43:40 Hoardings
45:29 Plate Mail Armor
46:00 Blast Furnace
46:34 Two-Man Saw
46:07 Crop Rotation
48:32 Pikeman
49:15 Squires
51:24 Onager
Connection lost

Rejoining the realm…

Still unreachable

The connection could not be restored.

Session expired

The server has moved on; the page needs a fresh start.